 Dungeon Crawl Stone Soup version 0.18-a0-1799-g6250cb2 (webtiles) character file.

665127 Scytalen the Wrestler (level 27, -4/426 HPs)
             Began as a Troll Berserker on Apr 21, 2016.
             Was a High Priest of Trog.
             Splashed by an acid blob's acid (13 damage)
             ... created by the Royal Jelly
             ... on level 6 of the Pits of Slime on Apr 23, 2016.
             The game lasted 04:25:52 (58251 turns).

Scytalen the Wrestler (Troll Berserker)            Turns: 58251, Time: 04:25:54

Health: -4/426     AC: 20    Str: 43    XL:     27
Magic:  0/22       EV: 18    Int:  6    God:    Trog [*****.]
Gold:   6066       SH:  0    Dex: 18    Spells: 0 memorised, 26 levels left

rFire  + . .     SeeInvis .       - Unarmed
rCold  + . .     Gourm    +     m - +5 gold dragon armour
rNeg   + . .     Faith    .     (no shield)
rPois  +         Spirit   +     J - +2 hat {Spirit}
rElec  +         Dismiss  .     u - +2 cloak
rCorr  .         Reflect  .     (gloves unavailable)
SustAt +         Harm     .     (boots unavailable)
MR     ++++.     Clarity  +     p - amulet "Disuvymac" {RegenMP Fragile +Blink rElec Int+3}
Stlth  ..........               I - +5 ring of evasion
                                M - ring of Awe {SustAt rN+ Str+3}

@: berserking (expiring), corroded, regenerating, very quick, incredibly
resistant to hostile enchantments, extremely unstealthy
A: unfitting armour, claws 3, clarity, fast metabolism 3, gourmand, regeneration
2, shaggy fur 1, strong 1, tough skin 2, wild magic 1, evolution 2
a: Berserk, Trog's Hand, Brothers in Arms, Burn Spellbooks, Renounce Religion,
Evoke Blink
}: 3/15 runes: decaying, serpentine, silver


You were on level 6 of the Pits of Slime.
You worshipped Trog.
Trog was extremely pleased with you.
You were not hungry.

You visited 11 branches of the dungeon, and saw 54 of its levels.
You visited 1 bazaar.
You also visited: Trove, Ossuary, Ice Cave and Volcano.

You collected 7490 gold pieces.
You spent 1424 gold pieces at shops.

Inventory:

Hand Weapons
 b - a +5 blowgun
Missiles
 B - 25 curare-tipped needles
 X - 105 large rocks (quivered)
Armour
 m - a +5 gold dragon armour (worn)
 u - a +2 cloak (worn)
 J - a +2 hat of spirit shield (worn)
Jewellery
 p - the amulet "Disuvymac" (around neck) {RegenMP Fragile +Blink rElec Int+3}
   (You found it on level 5 of the Vaults)

   [amulet of magic regeneration]

   It increases your magic regeneration.
   It affects your intelligence (+3).
   It insulates you from electricity.
   It lets you blink.
   It will be destroyed if unequipped.
 I - a +5 ring of evasion (right claw)
 K - an uncursed ring of protection from cold
 M - the ring of Awe (left claw) {SustAt rN+ Str+3}
   (You took it off a vault guard on level 5 of the Vaults)

   [ring of sustain attributes]

   It sustains your strength, intelligence and dexterity.
   It affects your strength (+3).
   It protects you from negative energy.
 O - an uncursed ring of protection from magic
 P - the amulet of Jauhij {Gourm rElec rPois rN++ Dex-3}
   (You took it off a deep elf death mage on level 3 of the Elven Halls)

   [amulet of the gourmand]

   It allows you to eat raw meat even when not hungry.
   It affects your dexterity (-3).
   It insulates you from electricity.
   It protects you from poison.
   It greatly protects you from negative energy.
 T - an uncursed ring of protection from fire
Wands
 w - a wand of teleportation (2/9)
 C - a wand of digging (21/24)
 L - a wand of digging (6/24)
 S - a wand of disintegration (4/24)
Scrolls
 d - 10 scrolls of teleportation
 e - 3 scrolls of holy word
 j - 15 scrolls of remove curse
 o - 7 scrolls of magic mapping
 v - 8 scrolls of identify
 y - 5 scrolls of silence
 A - 6 scrolls of fog
 G - a scroll of acquirement
 H - 6 scrolls of recharging
 Q - 5 scrolls of fear
 Y - 6 scrolls of enchant weapon
 Z - 3 scrolls of blinking
Potions
 a - 2 potions of resistance
 c - 9 potions of heal wounds
 f - 20 potions of curing
 g - 8 potions of brilliance
 k - 8 potions of agility
 l - 8 potions of berserk rage
 r - a potion of ambrosia
 t - 9 potions of haste
 x - 5 potions of invisibility
 z - 9 potions of lignification
 D - 3 potions of might
 F - 5 potions of cancellation
 U - 3 potions of magic
 V - 7 potions of flight
Miscellaneous
 h - a box of beasts
 i - a sack of spiders {used: 1}
 E - a fan of gales
 N - 2 phantom mirrors
 R - a lamp of fire
Comestibles
 s - 15 meat rations


   Skills:
 + Level 18.5 Fighting
 + Level 19.8 Throwing
 + Level 18.7 Armour
 - Level 10.8 Dodging
 + Level 24.2 Unarmed Combat


You had 26 spell levels left.
You didn't know any spells.

Dungeon Overview and Level Annotations

Branches:
Dungeon (15/15)            Temple (0/1) D:4            Lair (8/8) D:10
  Swamp (4/4) Lair:4        Snake (4/4) Lair:3        Slime (6/6) Lair:8
    Orc (2/2) D:12            Elf (3/3) Orc:2        Vaults (5/5) D:13
  Crypt (0/3) Vaults:2     Depths (5/5) D:15           Hell (1/1)
    Dis (0/7) Hell            Geh (1/7) Hell            Coc (0/7) Hell
    Tar (0/7) Hell            Zot (0/5) Depths:5

Altars:
Ashenzari
Cheibriados
Dithmenos
Gozag
Kikubaaqudgha
Makhleb
Pakellas
Qazlal
Ru
Sif Muna
Trog
Vehumet
Xom
Zin
The Shining One
Beogh

Shops:
D:10 (   D:14 [   Orc:2 [*:(   Elf:2 ?**:   Vaults:1 ?   Vaults:5 %
Depths:2 (   Depths:4 (([[[   Depths:5 %

Portals:
Hell: Depths:1 Depths:2 Depths:3 Depths:4 Depths:5
Abyss: Depths:2 Depths:4 Depths:5
Pandemonium: Depths:3 Depths:4
Ziggurat: Depths:1

Annotations:
Depths:3 the Enchantress


Innate Abilities, Weirdness & Mutations

You are too large for most types of armour.
You have claws for hands.
Your metabolism is lightning-fast.
You like to eat raw meat.
You heal very quickly.
You are covered in fur (AC +1).
You have very tough skin (AC +2).
You possess an exceptional clarity of mind.
Your muscles are strong. (Str +2)
Your spells are a little harder to cast, but a little more powerful.
You rapidly evolve.


Message History

The slime creature quivers.
The azure jelly jiggles.
The acid blob hits you!
* * * LOW HITPOINT WARNING * * *
You are splashed with acid!
The acid burns!
* * * LOW HITPOINT WARNING * * *
You take 13 damage, and have 28/426 hp.
You now have 3/22 mp.
A slime creature comes into view.
The slime creature quivers.
The acid blob spits acid at you. The splash of acid hits you!
* * * LOW HITPOINT WARNING * * *
The acid corrodes you!
The acid burns!
* * * LOW HITPOINT WARNING * * *
You take 16 damage, and have 12/426 hp.
You now have 1/22 mp.
You feel your anger subside. The acid blob spits acid at you.
The splash of acid hits you!
* * * LOW HITPOINT WARNING * * *
The acid burns!
You die...

#..................##
.....................#
............J.......##
........J.JJJ.......#
..........J.J......##
........JJJJJJ......#
........JJ.J..##......
.......J.JJJ#######..##
.......@....# .##
......((..### #
....(....## (...(.....
....J.....# ..J........
............
............#


You could see 9 acid blobs, 7 azure jellies, 2 slime creatures, 3 death oozes
and a jelly.

Vanquished Creatures
  the Royal Jelly (Slime:6)
  Mara (D:15)
  2 ancient liches (Vaults:5)
  Boris (Depths:3)
  Norris (Vaults:1)
  Vashnia (Snake:2)
  A caustic shrike (Depths:4)
  Geryon (Hell)
  3 golden dragons
  Jory (Depths:3)
  Rupert (D:14)
  Jorgrun (Vaults:1)
  4 tentacled monstrosities
  An Ice Fiend (IceCv)
  3 deep elf blademasters
  A lich (Vaults:5)
  2 titans (Vaults:5)
  Asterion (Depths:1)
  4 sphinxes
  2 deep elf master archers (Elf:3)
  5 acid blobs
  6 tengu reavers
  Gastronok (Lair:2)
  Kirke (D:14)
  12 shadow dragons
  4 azure jellies
  Roxanne (Snake:2)
  3 storm dragons
  6 greater nagas
  11 deep elf sorcerers
  11 fire giants
  Donald (Orc:2)
  6 frost giants
  A draconian scorcher (Depths:5)
  16 vault wardens
  An orc warlord (Orc:2)
  Maud (D:14)
  Aizul (Depths:1)
  Louise (Depths:2)
  8 deep elf elementalists
  A draconian annihilator (Depths:5)
  27 stone giants
  An iron dragon (Depths:1)
  23 very ugly things
  11 ironheart preservers
  6 reapers (Hell)
  6 spriggan defenders
  6 caustic shrike skeletons (Depths:3)
  6 war gargoyles
  Nessos (D:14)
  5 deep elf demonologists
  2 green draconians (Depths:5)
  A black draconian (Depths:5)
  5 salamander stormcallers
  7 deep elf annihilators
  3 vampire knights
  A dire elephant (Depths:3)
  A mottled draconian (Depths:5)
  A purple draconian (Depths:5)
  A white draconian (Depths:5)
  6 spark wasps (Depths:4)
  19 ettins
  2 blizzard demons (Hell)
  8 deep elf death magi
  5 fire dragons
  3 deep elf high priests
  2 merfolk javelineers (Depths:2)
  Josephine (D:13)
  6 entropy weavers
  33 vault guards
  14 yaktaur captains
  A hell beast (Hell)
  8 rakshasas
  9 ice dragons
  15 great orbs of eyes
  2 ghost crabs
  13 hydras
  7 anacondas
  12 naga warriors
  5 spriggan air magi
  3 catoblepae
  10 centaur warriors
  8 alligators
  2 death knights (Vaults:2)
  9 death yaks
  26 dancing weapons
  10 ogre magi
  9 deep troll shamans
  11 deep troll earth magi
  A vampire mage (Depths:4)
  7 tengu warriors
  7 spriggan berserkers
  3 soul eaters (Hell)
  17 naga sharpshooters
  Sonja (D:13)
  3 shock serpents
  3 orc high priests (Orc:2)
  22 deep elf knights
  Nergalle (Lair:2)
  2 iron golems (Hell)
  3 sun demons (Hell)
  A fire crab (Vaults:2)
  11 hell knights
  A wizard (Depths:4)
  A fire crab (shapeshifter) (Elf:3)
  14 skeletal warriors
  2 salamander mystics (Snake:3)
  A flayed ghost (Depths:2)
  The ghost of eragonby the Blocker, a novice FoFi of Cheibriados (D:9)
  6 iron trolls
  2 shadow wraiths (Hell)
  11 swamp dragons
  4 shambling mangroves
  9 spriggan druids
  29 deep trolls
  3 giant orange brains
  4 unseen horrors
  6 naga ritualists
  10 hill giants
  An obsidian statue (Vaults:2)
  17 ironbrand convokers
  16 deep elf archers
  3 harpies (Vaults:4)
  3 phantasmal warriors
  7 necromancers
  4 orc sorcerers
  A wolf spider zombie (D:15)
  2 wolf spiders (Vaults:5)
  4 mana vipers
  12 orc knights
  An oklob plant (Lair:7)
  3 shining eyes
  8 griffons
  2 hornets
  54 ugly things
  61 deep elf magi
  A salamander (shapeshifter) (Vaults:5)
  14 elephants
  2 manticores
  9 cyclopes
  14 salamanders
  An elephant (shapeshifter) (Vaults:3)
  3 ice statues
  A frost giant skeleton (Vaults:2)
  10 vault sentinels
  12 rust devils (Hell)
  2 molten gargoyles (Volcano)
  Psyche (D:8)
  3 smoke demons
  5 guardian serpents
  23 naga magi
  A dire elephant zombie (Hell)
  28 black mambas
  A torpor snail (shapeshifter) (Depths:4)
  2 gargoyles (D:15)
  5 centaur skeletons
  26 spiny frogs
  An eye of devastation (Slime:5)
  2 hellions
  3 rime drakes
  A komodo dragon (shapeshifter) (Vaults:3)
  A rime drake (shapeshifter) (Vaults:2)
  2 efreet
  A small abomination (Elf:2)
  12 komodo dragons
  The ghost of nono the Cutter, a novice HaFi (D:5)
  A kobold demonologist (Depths:5)
  8 freezing wraiths
  41 yaktaurs
  10 ice devils
  A demonic crawler (Hell)
  An anaconda simulacrum (IceCv)
  2 golden dragon simulacra (IceCv)
  4 trolls
  5 red devils
  2 hellwings
  2 jumping spiders
  The ghost of macross the Covert, a novice SpAs (D:4)
  6 tengu conjurers
  A hydra skeleton (Hell)
  15 two-headed ogres
  8 giant leeches
  3 hydra zombies (Hell)
  A giant leech (shapeshifter) (Elf:2)
  Grinder (D:3)
  80 slime creatures
  Prince Ribbit (D:8)
  2 alligator zombies (Hell)
  5 bog bodies
  4 polar bears
  22 blink frogs
  6 boulder beetles
  Sigmund (D:6)
  23 redbacks
  4 tarantellas
  A redback (shapeshifter) (Vaults:5)
  4 air elementals
  5 wyverns
  An alligator skeleton (Hell)
  2 hogs (D:14)
  4 wraiths
  45 spriggans
  3 dire elephant simulacra (IceCv)
  A shadow (D:14)
  A vampire (D:15)
  10 water elementals
  67 yaks
  A hog (shapeshifter) (Vaults:2)
  4 basilisks
  A fire bat (Volcano)
  A hippogriff (shapeshifter) (D:14)
  A steam dragon (D:11)
  7 fire elementals
  Eustachio (D:5)
  A hungry ghost (D:14)
  A chaos spawn (Depths:4)
  14 hippogriffs
  2 human simulacra
  38 vampire mosquitoes
  Edmund (D:6)
  2 iron troll simulacra (IceCv)
  5 harpy simulacra (IceCv)
  9 insubstantial wisps
  3 mottled dragons
  20 swamp worms
  40 nagas
  3 wargs
  A swamp worm (shapeshifter) (Vaults:5)
  10 water moccasins
  4 hydra simulacra (IceCv)
  3 giant eyeballs
  8 porcupines
  2 hell hounds (Hell)
  2 spiny frog skeletons (Hell)
  36 orc warriors
  10 swamp drakes
  Purgy (D:3)
  3 ice beasts
  4 sky beasts
  5 phantoms
  3 eyes of draining
  4 black bears
  27 wasps
  An alligator simulacrum (Hell)
  38 ogres
  24 wolves
  16 boggarts
  2 ettin simulacra (IceCv)
  An eye of draining (shapeshifter) (Vaults:2)
  12 centaurs
  4 big kobolds
  9 crocodiles
  33 giant frogs
  3 gnoll sergeants
  A wyvern zombie (D:11)
  4 elf zombies
  9 earth elementals
  A wyvern skeleton (D:8)
  A scorpion (D:5)
  An elephant simulacrum (IceCv)
  11 killer bees
  9 wights
  8 electric eels
  4 howler monkeys (D:12)
  2 lava snakes (Volcano)
  10 crimson imps
  A giant frog zombie (D:12)
  The ghost of macross the Sneak, a weakling SpAs (D:7)
  A quasit (D:10)
  22 orc priests
  29 jellies
  5 centaur zombies
  6 hounds
  2 human zombies
  24 orc wizards
  9 iguanas
  7 hell rats (Hell)
  9 worker ants
  5 troll simulacra (IceCv)
  A wolf simulacrum (IceCv)
  A polar bear simulacrum (IceCv)
  10 sheep
  4 centaur simulacra (IceCv)
  A naga zombie (Hell)
  3 hound zombies
  2 hound skeletons
  4 mummies
  Robin (D:3)
  A naga simulacrum (IceCv)
  10 gnolls
  An ogre simulacrum (IceCv)
  11 adders
  A howler monkey skeleton (D:10)
  44 river rats
  5 shadow imps
  11 white imps
  5 ufetubi (IceCv)
  8 oozes (Lair:7)
  4 adder zombies (Ossuary)
  3 adder skeletons
  2 worms
  9 dart slugs
  7 giant geckos
  83 orcs
  3 giant cockroaches
  15 goblins
  13 hobgoblins
  7 jackals
  17 kobolds
  3 quokkas
  A ball python (D:2)
  5 bats
  A giant newt (D:2)
  2 gnoll zombies (Ossuary)
  2 goblin zombies (Ossuary)
  2 hobgoblin zombies (Ossuary)
  7 jackal zombies
  4 kobold zombies (Ossuary)
  2 orc zombies (Ossuary)
  4 quokka zombies (Ossuary)
  11 rats
  3 rat zombies (Ossuary)
  2 bushes (Depths:3)
  A fire vortex (Vaults:3)
  6 fungi
  9 plants
2437 creatures vanquished.

Vanquished Creatures (collateral kills)
  The ghost of Sagrath01 the Marksdemonspawn, a master DsGl of Qazlal (Hell)
  Mennas (Depths:4)
  Saint Roka (Vaults:1)
  An acid blob (Slime:6)
  2 very ugly things (Depths:4)
  A spriggan defender (Depths:4)
  A spark wasp (Depths:4)
  Snorg (Lair:3)
  A deep elf high priest (Vaults:5)
  6 hydras
  A hell beast (Hell)
  An ice dragon (Depths:2)
  2 deep troll earth magi (Depths:4)
  A storm dragon zombie (Hell)
  2 spriggans
  A sun demon (Hell)
  A skeletal warrior (Hell)
  An anaconda zombie (Hell)
  2 swamp dragons (Swamp:4)
  4 deep trolls
  An ironbrand convoker (Vaults:1)
  A griffon (Vaults:4)
  A deep elf mage (Vaults:5)
  3 ugly things (Depths:2)
  A vault sentinel (Vaults:1)
  An elephant (Lair:8)
  2 rime drakes (Swamp:4)
  A spiny frog (Lair:8)
  A yaktaur (Vaults:1)
  A troll (Vaults:1)
  3 giant leeches
  5 slime creatures (Slime:6)
  3 bog bodies
  A wraith (D:13)
  A yak (D:13)
  2 vampire mosquitoes
  2 wasps
  A swamp drake (Swamp:4)
  2 giant frogs (Lair:8)
  An orc wizard (Vaults:1)
  A worker ant (D:13)
  An orc (Vaults:1)
  A jackal (D:9)
69 creatures vanquished.

Vanquished Creatures (others)
  A deep elf high priest (Depths:4)
  A hydra (Swamp:4)
  An ironbrand convoker (Vaults:1)
  A deep elf mage (Elf:1)
  A yaktaur (Vaults:4)
  4 humans (D:14)
  A boggart (Depths:4)
  A jelly (Slime:5)
  2 orc wizards
  A dart slug (D:7)
  An orc (D:7)
  4 bushes
  A fire vortex (Hell)
  15 fungi
  20 plants
55 creatures vanquished.

Grand Total: 2561 creatures vanquished

Notes
Turn   | Place    | Note
--------------------------------------------------------------
     0 | D:1      | Scytalen the Troll Berserker began the quest for the Orb.
     0 | D:1      | Reached XP level 1. HP: 22/22 MP: 0/0
   226 | D:1      | Reached XP level 2. HP: 19/29 MP: 1/1
   624 | D:1      | Reached skill level 4 in Unarmed Combat
   925 | D:1      | Upgraded the game from 0.18-a0-1789-gbeff17f to 0.18-a0-1797-gc18daef
   935 | D:1      | Reached ** piety under Trog
   949 | D:2      | Reached XP level 3. HP: 36/36 MP: 2/2
  1094 | D:2      | Found a shattered altar of Ashenzari.
  1226 | D:2      | Found a faded altar to an unknown god.
  1614 | D:3      | Reached XP level 4. HP: 44/44 MP: 3/3
  1682 | D:3      | Reached *** piety under Trog
  1682 | D:3      | Reached skill level 5 in Unarmed Combat
  1837 | D:3      | Noticed Robin
  1847 | D:3      | Noticed Purgy
  1858 | D:3      | Noticed Grinder
  1869 | D:3      | Killed Robin
  1869 | D:3      | Reached XP level 5. HP: 50/50 MP: 4/4
  1875 | D:3      | Killed Purgy
  1875 | D:3      | Reached skill level 6 in Unarmed Combat
  1879 | D:3      | Killed Grinder
  1879 | D:3      | Reached skill level 7 in Unarmed Combat
  1879 | D:3      | Reached XP level 6. HP: 59/59 MP: 5/5
  1880 | D:3      | Found a snail-covered altar of Cheibriados.
  2253 | D:4      | Found a staircase to the Ecumenical Temple.
  2270 | D:4      | Found an oddly glowing altar of Pakellas.
  2358 | D:4      | Found a sand-covered staircase.
  2371 | Ossuary  | Entered an ossuary
  2425 | Ossuary  | Reached skill level 8 in Unarmed Combat
  2425 | Ossuary  | Reached XP level 7. HP: 64/66 MP: 6/6
  2739 | D:4      | Noticed macross's ghost (novice SpAs)
  2747 | D:4      | Killed macross's ghost
  2747 | D:4      | Reached skill level 9 in Unarmed Combat
  2862 | D:4      | Found a stormy altar of Qazlal.
  2870 | D:4      | Found a burning altar of Makhleb.
  2873 | D:4      | Found a deep blue altar of Sif Muna.
  2876 | D:4      | Found an opulent altar of Gozag.
  3091 | D:4      | Gained mutation: You possess an exceptional clarity of mind. [potion of beneficial mutation]
  3201 | D:4      | Reached XP level 8. HP: 74/74 MP: 7/7
  3266 | D:4      | Reached skill level 10 in Unarmed Combat
  3513 | D:5      | Entered Level 5 of the Dungeon
  3622 | D:5      | Noticed Eustachio
  3623 | D:5      | Found a shadowy altar of Dithmenos.
  3630 | D:5      | Killed Eustachio
  3637 | D:5      | Noticed nono's ghost (novice HaFi)
  3680 | D:5      | Killed nono's ghost
  3680 | D:5      | Reached skill level 11 in Unarmed Combat
  4335 | D:6      | Reached **** piety under Trog
  4370 | D:6      | Found a sacrificial altar of Ru.
  4466 | D:6      | Noticed Edmund
  4467 | D:6      | Noticed Sigmund
  4484 | D:6      | Killed Sigmund
  4495 | D:6      | Killed Edmund
  4495 | D:6      | Reached XP level 9. HP: 77/80 MP: 8/8
  4505 | D:6      | Reached skill level 12 in Unarmed Combat
  4512 | D:6      | Got a colourful robe
  4523 | D:6      | Identified the +1 robe of Gokhis {Int-3 Dex+8} (You found it on level 6 of the Dungeon)
  4523 | D:6      | Lost intelligence.
  4744 | D:6      | Found a glowing golden altar of the Shining One.
  4828 | D:7      | Noticed macross's ghost (weakling SpAs)
  4833 | D:7      | Killed macross's ghost
  5629 | D:7      | Reached ***** piety under Trog
  5629 | D:7      | Reached skill level 13 in Unarmed Combat
  6051 | D:8      | Found a bloodstained altar of Trog.
  6067 | D:8      | Noticed Prince Ribbit
  6103 | D:8      | Killed Prince Ribbit
  6293 | D:8      | Noticed Psyche
  6296 | D:8      | Killed Psyche
  6398 | D:8      | Found a shimmering altar of Xom.
  6412 | D:8      | Reached skill level 14 in Unarmed Combat
  6601 | D:8      | Found a radiant altar of Vehumet.
  6671 | D:8      | Found an ancient bone altar of Kikubaaqudgha.
  6677 | D:8      | Reached XP level 10. HP: 88/88 MP: 9/9
  6730 | D:8      | Reached skill level 1 in Throwing
  6913 | D:9      | Noticed eragonby's ghost (novice FoFi)
  7072 | D:9      | Received a gift from Trog
  7264 | D:9      | Killed eragonby's ghost
  7379 | D:10     | Entered Level 10 of the Dungeon
  7379 | D:10     | Noticed a hill giant
  7392 | D:10     | Killed a hill giant
  7392 | D:10     | Received a gift from Trog
  7611 | D:10     | Found a staircase to the Lair.
  7744 | D:10     | Killed an unseen horror
  7744 | D:10     | Reached XP level 11. HP: 31/101 MP: 10/10
  7874 | D:10     | Found Voiz's Antique Weapon Boutique.
  8227 | D:11     | Noticed a hill giant
  8234 | D:11     | Killed a hill giant
  8345 | D:11     | Reached skill level 5 in Fighting
  8347 | D:11     | Reached skill level 5 in Dodging
  8466 | D:11     | Killed an unseen horror
  8743 | D:11     | Reached skill level 5 in Throwing
  9307 | D:12     | Reached skill level 15 in Unarmed Combat
  9398 | D:12     | Noticed a hill giant
  9409 | D:12     | Killed a hill giant
  9434 | D:12     | Noticed a hill giant
  9441 | D:12     | Killed a hill giant
  9592 | D:12     | Reached ****** piety under Trog
  9712 | D:12     | Reached XP level 12. HP: 67/114 MP: 11/11
  9760 | D:12     | Found a staircase to the Orcish Mines.
 10082 | D:12     | Received a gift from Trog
 10119 | D:12     | Found a roughly hewn altar of Beogh.
 10226 | Lair:1   | Entered Level 1 of the Lair of Beasts
 10227 | Lair:1   | Upgraded the game from 0.18-a0-1797-gc18daef to 0.18-a0-1799-g6250cb2
 10662 | Lair:1   | Received a gift from Trog
 11176 | Lair:2   | Noticed an eight-headed hydra
 11181 | Lair:2   | Killed an eight-headed hydra
 11299 | Lair:2   | Received a gift from Trog
 11651 | Lair:2   | Noticed Nergalle
 11661 | Lair:2   | Killed Nergalle
 11773 | Lair:2   | Noticed Gastronok
 11786 | Lair:2   | Killed Gastronok
 12279 | Lair:3   | Reached XP level 13. HP: 124/124 MP: 12/12
 12303 | Lair:2   | Reached skill level 16 in Unarmed Combat
 12542 | Lair:3   | Received a gift from Trog
 12924 | Lair:3   | Noticed Snorg
 12938 | Lair:3   | Killed Snorg
 12948 | Lair:3   | Found a staircase to the Snake Pit.
 13118 | Lair:4   | Received a gift from Trog
 13600 | Lair:4   | Received a gift from Trog
 13681 | Lair:4   | Found a staircase to the Swamp.
 13815 | Lair:4   | Identified the Compendium of Conjuration
 15355 | Lair:6   | Received a gift from Trog
 15749 | Lair:6   | Reached XP level 14. HP: 123/137 MP: 8/13
 15964 | Lair:7   | Identified the Reference Book on Battle Magic and Beguiling
 16168 | Lair:7   | Received a gift from Trog
 16788 | Lair:7   | Received a gift from Trog
 16901 | Lair:8   | Entered Level 8 of the Lair of Beasts
 16921 | Lair:8   | Found a staircase to the Slime Pits.
 16924 | Lair:8   | Found a dark tunnel.
 16941 | Volcano  | Entered a volcano
 17251 | Volcano  | Found a bloodstained altar of Trog.
 17449 | Volcano  | Reached skill level 10 in Throwing
 17661 | Lair:8   | Reached skill level 17 in Unarmed Combat
 17821 | Lair:8   | Reached skill level 10 in Dodging
 17829 | Lair:8   | Received a gift from Trog
 19016 | Lair:1   | Reached skill level 10 in Fighting
 19144 | Orc:1    | Entered Level 1 of the Orcish Mines
 19245 | Orc:1    | Received a gift from Trog
 19547 | Orc:2    | Entered Level 2 of the Orcish Mines
 19547 | Orc:2    | Found Lizeorpho's Book Boutique.
 19553 | Orc:2    | Received a gift from Trog
 19680 | Orc:2    | Noticed Donald
 19694 | Orc:2    | Killed Donald
 19743 | Orc:2    | Reached XP level 15. HP: 149/149 MP: 9/14
 19748 | Orc:2    | Noticed an orc warlord
 19895 | Orc:2    | Found Xarilym's Antique Weapon Emporium.
 19944 | Orc:2    | Killed an orc warlord
 20322 | Orc:2    | Found Dueblyull's General Store.
 20353 | Orc:2    | Found a bloodstained altar of Trog.
 20357 | Orc:2    | Found Zumom's Antique Armour Shoppe.
 20416 | Orc:2    | Bought a twisted hat for 234 gold pieces
 20426 | Orc:2    | Identified the +0 hat of Benevolence {rN+} (You bought it in a shop on level 2 of the Orcish Mines)
 20551 | Orc:2    | Found a staircase to the Elven Halls.
 20729 | Orc:2    | Found a deep blue altar of Sif Muna.
 21104 | D:13     | Received a gift from Trog
 21425 | D:13     | Noticed Sonja
 21531 | D:13     | Found a gate to the Vaults.
 21538 | D:13     | Noticed Josephine
 21555 | D:13     | Received a gift from Trog
 21573 | D:13     | Killed Josephine
 21863 | D:13     | You fall through a shaft!
 22155 | D:14     | Found Asisaa's Armour Shoppe.
 22162 | D:14     | Bought the quicksilver dragon armour of Ponwuon {rPois MR+ Regen+ rCorr} for 1152 gold pieces
 22265 | D:14     | Found a shadowy altar of Dithmenos.
 22347 | D:14     | Noticed Nessos
 22354 | D:14     | Killed Nessos
 22354 | D:14     | Reached skill level 1 in Armour
 22618 | D:14     | Noticed Maud
 22627 | D:14     | Killed Maud
 22676 | D:14     | Noticed Kirke
 22700 | D:14     | Killed Kirke
 22735 | D:14     | Noticed Rupert
 22752 | D:14     | Killed Rupert
 22986 | D:14     | Reached skill level 18 in Unarmed Combat
 23176 | D:15     | Entered Level 15 of the Dungeon
 23429 | D:15     | Reached XP level 16. HP: 144/162 MP: 7/15
 23499 | D:15     | Found a staircase to the Depths.
 23608 | D:15     | Found a portal to a secret trove of treasure.
 23712 | D:15     | Received a gift from Trog
 24330 | D:13     | Killed Sonja
 24512 | Swamp:1  | Entered Level 1 of the Swamp
 25063 | Swamp:1  | Reached skill level 5 in Armour
 25205 | Swamp:1  | You fall through a shaft!
 25513 | Swamp:2  | Noticed a tentacled monstrosity
 25527 | Swamp:2  | Killed a tentacled monstrosity
 25650 | Swamp:2  | Received a gift from Trog
 26914 | Swamp:4  | Entered Level 4 of the Swamp
 27293 | Swamp:4  | Got a decaying rune of Zot
 28065 | Snake:1  | Entered Level 1 of the Snake Pit
 28236 | Snake:1  | Reached XP level 17. HP: 156/172 MP: 13/16
 28416 | Snake:1  | Received a gift from Trog
 28888 | Snake:2  | Noticed Roxanne
 28898 | Snake:2  | Killed Roxanne
 28938 | Snake:2  | Identified Roxanne's Tome of Transformation (You took it off Roxanne on level 2 of the Snake Pit)
 29005 | Snake:2  | Received a gift from Trog
 29178 | Snake:2  | Noticed Vashnia
 29395 | Snake:2  | Received a gift from Trog
 29517 | Snake:2  | Killed Vashnia
 30127 | Snake:3  | Reached skill level 19 in Unarmed Combat
 30176 | Snake:3  | Received a gift from Trog
 30773 | Snake:3  | Received a gift from Trog
 31031 | Snake:4  | Entered Level 4 of the Snake Pit
 31138 | Snake:4  | Identified 2 scrolls of acquirement
 31743 | Snake:4  | Received a gift from Trog
 31816 | Snake:4  | Reached XP level 18. HP: 184/184 MP: 17/17
 31855 | Snake:4  | Reached skill level 10 in Armour
 31870 | Snake:4  | Received a gift from Trog
 31997 | Snake:4  | Got a serpentine rune of Zot
 32573 | Elf:1    | Entered Level 1 of the Elven Halls
 33040 | Elf:1    | Received a gift from Trog
 33517 | Elf:2    | Found a frozen archway.
 33537 | IceCv    | Entered an ice cave
 34037 | IceCv    | Noticed an Ice Fiend
 34049 | IceCv    | Killed an Ice Fiend
 34166 | IceCv    | Reached XP level 19. HP: 193/193 MP: 18/18
 34286 | Elf:2    | Found Ufewothesoa's General Store.
 34322 | Elf:2    | Found Kuolofom's General Store.
 34331 | Elf:2    | Bought a scroll of identify for 38 gold pieces
 34369 | Elf:2    | Found Tafa's Book Shop.
 34506 | Elf:2    | Found a runed gate.
 34508 | Elf:2    | Found a runed gate.
 34522 | Elf:2    | Received a gift from Trog
 34588 | Elf:2    | Found Xysox's Magic Scroll Boutique.
 34677 | Elf:2    | Found a runed gate.
 35018 | Elf:2    | Received a gift from Trog
 35582 | Vaults:1 | Entered Level 1 of the Vaults
 35601 | Vaults:1 | Received a gift from Trog
 35642 | Vaults:1 | Found Lenne's Magic Scroll Boutique.
 35661 | Vaults:1 | Noticed Saint Roka
 35674 | Vaults:1 | Killed Saint Roka
 35964 | Vaults:1 | Reached XP level 20. HP: 204/204 MP: 13/19
 36123 | Vaults:1 | Received a gift from Trog
 36138 | Vaults:1 | Noticed Jorgrun
 36172 | Vaults:1 | Killed Jorgrun
 36376 | Vaults:1 | Reached skill level 20 in Unarmed Combat
 36898 | Vaults:1 | Noticed Norris
 36952 | Vaults:1 | Killed Norris
 37808 | Vaults:2 | Found a gateway to a bazaar.
 37814 | Bazaar   | Entered a bazaar
 37827 | Bazaar   | Found Nexi's Book Emporium.
 37827 | Bazaar   | Found Xenyn's Magic Scroll Emporium.
 37866 | Bazaar   | Found Omuymp's Antique Armour Shoppe.
 37866 | Bazaar   | Found Lics's Gadget Shoppe.
 38026 | Vaults:2 | Received a gift from Trog
 38233 | Vaults:2 | Found a staircase to the Crypt.
 38322 | Vaults:2 | Received a gift from Trog
 38780 | Vaults:2 | Reached skill level 15 in Throwing
 39336 | Vaults:3 | Received a gift from Trog
 39599 | Vaults:3 | Reached XP level 21. HP: 162/214 MP: 16/20
 40241 | Vaults:3 | Found a glowing silver altar of Zin.
 40711 | Vaults:3 | Received a gift from Trog
 40902 | Vaults:4 | Received a gift from Trog
 41654 | Vaults:4 | Received a gift from Trog
 41759 | Vaults:4 | Got a twitching ruby amulet
 41760 | Vaults:4 | Identified the amulet "Qerchenau" {+Fly Regen+ MP+9 Str-5} (You took it off a deep elf mage on level 4 of the Vaults)
 42042 | Vaults:4 | Received a gift from Trog
 42183 | Vaults:5 | Entered Level 5 of the Vaults
 42408 | Depths:1 | Entered Level 1 of the Depths
 42672 | Depths:1 | Found a gateway to a ziggurat.
 42676 | Depths:1 | Noticed Aizul
 42677 | Depths:1 | Noticed Mara
 42708 | Depths:1 | Killed Aizul
 42720 | Depths:1 | Noticed Scytalen's illusion
 42731 | D:15     | Killed Mara
 42792 | Depths:1 | Noticed Asterion
 42804 | Depths:1 | Killed Asterion
 42834 | Depths:1 | Reached skill level 21 in Unarmed Combat
 43067 | Depths:1 | Reached skill level 15 in Armour
 43237 | Depths:1 | Reached XP level 22. HP: 161/224 MP: 14/21
 43361 | Depths:1 | Paralysed by a sphinx for 5 turns
 43368 | Depths:1 | Received a gift from Trog
 43394 | Depths:1 | Found a gateway to Hell.
 43866 | Depths:2 | Reached skill level 15 in Fighting
 43990 | Depths:2 | Found Dejyxo's Weapon Shoppe.
 44022 | Depths:2 | Received a gift from Trog
 44223 | Depths:2 | Noticed Louise
 44233 | Depths:2 | Killed Louise
 44233 | Depths:2 | Received a gift from Trog
 44249 | Depths:2 | Found a one-way gate to the infinite horrors of the Abyss.
 44608 | Hell     | Entered the Vestibule of Hell
 44608 | Hell     | Noticed Geryon
 44621 | Hell     | Found a gateway to the decaying netherworld of Tartarus.
 44621 | Hell     | Noticed Sagrath01's ghost (master DsGl)
 44666 | Hell     | Killed Sagrath01's ghost
 44904 | Hell     | Killed Geryon
 45332 | Hell     | Received a gift from Trog
 45334 | Hell     | Found a gateway to the ashen valley of Gehenna.
 45515 | Hell     | Found a gateway to the Iron City of Dis.
 45770 | Hell     | Found a gateway to the freezing wastes of Cocytus.
 45953 | D:15     | You paid a toll of the horn of Geryon to enter a treasure trove
 45954 | Trove    | Entered a treasure trove
 46456 | Depths:3 | Received a gift from Trog
 46534 | Depths:3 | Noticed Jory
 46549 | Depths:3 | Killed Jory
 46704 | Depths:3 | Reached XP level 23. HP: 225/236 MP: 20/22
 46754 | Depths:3 | Noticed Boris
 46766 | Depths:3 | Killed Boris
 46963 | Depths:3 | Noticed the Enchantress
 47234 | Depths:3 | Received a gift from Trog
 47841 | Depths:3 | Found a one-way gate leading to the halls of Pandemonium.
 48168 | Depths:3 | Found a bloodstained altar of Trog.
 48217 | Depths:3 | Reached skill level 22 in Unarmed Combat
 48754 | Depths:3 | Received a gift from Trog
 49259 | Depths:4 | Found Ruci's Antique Armour Boutique.
 49293 | Depths:4 | Noticed Mennas
 49325 | Depths:4 | Killed Mennas
 49416 | Depths:4 | Found Gire's Armour Emporium.
 49432 | Depths:4 | Found Dewkysog's Antique Armour Boutique.
 49712 | Depths:4 | Noticed a caustic shrike
 49724 | Depths:4 | Killed a caustic shrike
 49724 | Depths:4 | Received a gift from Trog
 50080 | Depths:4 | Reached XP level 24. HP: 146/250 MP: 1/22
 50456 | Depths:4 | Found Zopunwu's Weapon Shoppe.
 50462 | Depths:4 | Received a gift from Trog
 50483 | Depths:4 | Found Waunk's Antique Weapon Shoppe.
 50995 | Depths:5 | Entered Level 5 of the Depths
 51626 | Depths:5 | Found a gate to the Realm of Zot.
 52092 | Depths:5 | Received a gift from Trog
 52217 | Depths:5 | Found Raetanto's Food Boutique.
 52811 | Geh:1    | Entered Level 1 of Gehenna
 53077 | Elf:3    | Entered Level 3 of the Elven Halls
 53137 | Elf:3    | Received a gift from Trog
 53447 | Elf:3    | Received a gift from Trog
 53605 | Elf:2    | Reached skill level 23 in Unarmed Combat
 53879 | Elf:3    | Received a gift from Trog
 54120 | Elf:3    | Got a slimy bone amulet
 54143 | Elf:3    | Identified the amulet of Jauhij {Gourm rElec rPois rN++ Dex-3} (You took it off a deep elf death mage on level 3 of the Elven Halls)
 54193 | Elf:3    | Reached XP level 25. HP: 261/261 MP: 22/22
 54194 | Elf:3    | Reached XP level 26. HP: 270/270 MP: 22/22
 54202 | Elf:3    | Received a gift from Trog
 54670 | Elf:3    | Gained mutation: Your spells are a little harder to cast, but a little more powerful. [potion of beneficial mutation]
 54671 | Elf:3    | Gained mutation: Your muscles are strong. (Str +2) [potion of beneficial mutation]
 55187 | Vaults:5 | Reached XP level 27. HP: 266/279 MP: 21/22
 55196 | Vaults:5 | Received a gift from Trog
 55345 | Vaults:5 | Received a gift from Trog
 55379 | Vaults:5 | Received a gift from Trog
 55524 | Vaults:5 | Got an ancient garnet amulet
 55525 | Vaults:5 | Identified the amulet "Disuvymac" {RegenMP Fragile +Blink rElec Int+3} (You found it on level 5 of the Vaults)
 55653 | Vaults:5 | Identified Sif Muna's Handbook of the Unstable Entourage
 55696 | Vaults:5 | Noticed an ancient lich
 55708 | Vaults:5 | Received a gift from Trog
 55714 | Vaults:5 | Killed an ancient lich
 55772 | Vaults:5 | Received a gift from Trog
 56013 | Vaults:5 | Received a gift from Trog
 56271 | Vaults:5 | Got a bound tin ring
 56412 | Vaults:5 | Received a gift from Trog
 56461 | Vaults:5 | Identified the ring of Awe {SustAt rN+ Str+3} (You took it off a vault guard on level 5 of the Vaults)
 56479 | Vaults:5 | Gained mutation: You evolve. [potion of beneficial mutation]
 56484 | Vaults:5 | Got a silver rune of Zot
 56587 | Vaults:5 | Gained mutation: You rapidly evolve. [evolution]
 56603 | Vaults:5 | Found Wigedoc's Food Shoppe.
 56702 | Vaults:5 | Noticed an ancient lich
 56711 | Vaults:5 | Killed an ancient lich
 57063 | Vaults:5 | Reached skill level 24 in Unarmed Combat
 57463 | Slime:1  | Entered Level 1 of the Pits of Slime
 57536 | Slime:2  | Paralysed by a great orb of eyes for 6 turns
 57560 | Slime:3  | Received a gift from Trog
 57682 | Slime:4  | Received a gift from Trog
 57854 | Slime:6  | Entered Level 6 of the Pits of Slime
 58009 | Slime:6  | Noticed the Royal Jelly
 58247 | Slime:6  | Killed the Royal Jelly
 58250 | Slime:6  | HP: 12/426 [acid (10)]
 58251 | Slime:6  | Splashed by an acid blob's acid

Vault maps used:
D:1:      saegor_arrival_simple_f, hangedman_abyss_or_decor_lesser_grid,
          lexackson_kobold_supper
D:2:      ashenzari_altar_1, ecumenical_altar_2
D:3:      nicolae_overflow_crystal_walls, uniq_grinder, uniq_robin, uniq_purgy
D:4:      kennysheep_mini, grunt_temple_overflow_cloverleaf,
          minmay_temple_entry_purple_smoke, gup_ossuary_entry_pyramid,
          minmay_small_thing
D:5:      lemuel_doored_altar, first_bread, minmay_misc_feat_x, uniq_eustachio
D:6:      kennysheep_mini_moat, nicolae_tso_swordbearing_angel,
          sigmund_edmund_badplayer
D:7:      kennysheep_slugbush
D:8:      overflow_temple_1_default, overflow_temple_1_default, the_bakery,
          hangedman_feature_mirror, uniq_psyche, uniq_prince_ribbit1
D:10:     lair_0_dummy, serial_shops, shop
D:12:     minmay_orc_entry_temple_small
D:13:     lightli_vaults_fourway_checkpoint, uniq_sonja, uniq_josephine
D:14:     nicolae_dithmenos_through_a_glass_darkly, serial_shops, shop,
          minivault_11, uniq_maud, uniq_nessos, uniq_kirke, uniq_rupert
D:15:     grunt_enter_depths_hoard, enter_trove_1
Lair:1:   st_stairs_6, minmay_stone_trees_small, grunt_megastairs_3
Lair:2:   gammafunk_lair_bear_cave, serial_bayou_shore_b, uniq_gastronok,
          uniq_nergalle
Lair:3:   minmay_snake_entry_spellcaster, patterned_corridor, uniq_snorg
Lair:4:   nicolae_swamp_entry_splash_gauntlet, beast_lair_carwin_4,
          grunt_megastairs_5
Lair:5:   serial_bayou_shore_a
Lair:6:   grunt_megastairs_2, infiniplex_staircase_pool_2
Lair:7:   lemuel_slime
Lair:8:   minmay_lair_end_frog_pond, slime_dummy,
          nicolae_volcano_entry_lava_flow
Swamp:1:  nicolae_swamp_treefoil, nicolae_swamp_round_clearing, swamp_pool4
Swamp:2:  hangedman_swamp_ruin_wall
Swamp:3:  evilmike_swamp_ruin_house_2
Swamp:4:  swamp_alternative, swamp_pool4
Snake:2:  uniq_vashnia, uniq_roxanne
Snake:3:  nrook_loot_triangle
Snake:4:  snake_pit
Slime:1:  cheibrodos_slime_lost_civilization_1
Orc:2:    grunt_orc_gardens, grunt_orc_garden, grunt_orc_garden,
          grunt_orc_garden, grunt_orc_garden, basic_altar, led_sif_book,
          uniq_donald
Elf:1:    eino_elf_arrival_shootout, hex_intersection
Elf:2:    portal_ice_cave_demonic_guard, serial_shops, shop,
          nicolae_shop_behind_doors, shop, shop
Elf:3:    grunt_elf_hall_branching
Vaults:1: nicolae_vaults_alarming, ontoclasm_vaults_ring_large,
          vaults_room_octagon, st_lines, hangedman_vaults_stagger,
          nicolae_vaults_little_ls, nicolae_vaults_border_crossing,
          vaults_mumra_chevron_long, nicolae_vaults_gold_heap, v_misc_24,
          serial_shops, nicolae_shop_behind_doors, uniq_norris, uniq_jorgrun,
          uniq_saint_roka
Vaults:2: ontoclasm_vaults_claustrophobia, v_alt_pattern_2,
          ontoclasm_vaults_loading_screen, vaults_standard_mumra_x,
          vaults_room_fours, hangedman_vaults_cutoff,
          minmay_crypt_entry_simple_round, vaults_room_pools, vaults_room_fours,
          ontoclasm_vaults_loading_screen, vaults_dpeg_encased_lava,
          serial_shops, statue_bzr
Vaults:3: nicolae_vaults_sealed_display, st_check, v_misc_16, v_rooms_5,
          nicolae_vaults_mini_display_case, ontoclasm_vaults_ring_square,
          nicolae_vaults_rhombus_5, vaults_room_hallway, grunt_vaults_diagonal,
          vaults_standard_mumra_enter_the_diamond, vaults_room_hallway,
          nicolae_vaults_asterisk, basic_altar
Vaults:4: hangedman_vaults_capsules, ontoclasm_vaults_shout, v_misc_23,
          vaults_room_hallway, ontoclasm_vaults_hangar,
          nicolae_vaults_circle_grid_b, v_misc_14,
          nicolae_vaults_stairing_the_circle, hangedman_vaults_maws, v_rooms_6,
          vaults_room_corners, nicolae_vaults_asterisk
Depths:1: enter_ziggurat_d, hell_entry, nicolae_sextant, grunt_ministairs_12,
          st_stairs_6, hangedman_cracks_in_the_wall, uniq_mara, uniq_aizul,
          uniq_asterion
Depths:2: minmay_isolated_rectangles_in_corner, grunt_decor_fettered,
          hellmouth_1, nicolae_abyss_entry_one_way_or_another, serial_shops,
          shop
Depths:3: spriggan_forest, pan_entry, hell_entry, uniq_jory, uniq_boris
Depths:4: hangedman_stitches_corridor, abyss_entry, rand_demon_pan_entry_3,
          hell_entry, serial_shops, nicolae_shop_behind_doors, shop,
          shop_fountains, shop, nicolae_shop_statue_plus, hex_tiny,
          kennysheep_generic_room_8, uniq_mennas
Depths:5: grunt_zot_entry_tricorne, hell_entry, serial_shops,
          nicolae_shop_temple_entry_statues_fountains,
          marbit_kobold_abyss_entry, kennysheep_underground_church
Bazaar:   grunt_bazaar_doublecross
Trove:    trove_simple
Ossuary:  minmay_ossuary_two_tombs
IceCv:    ice_cave_caverns_01
Volcano:  volcano_lake

Skill      XL: |  1  2  3  4  5  6  7  8  9 10 11 12 13 14 15 16 17 18 19 20 21 22 23 24 25 26 27 |
---------------+----------------------------------------------------------------------------------+-----
Unarmed Combat | 4 5 7 8 9 11 14 15 16 17 18 19 20 21 22 23 24 | 24.2
Throwing       | 4 6 8 9 10 11 12 13 14 15 16 17 18 19 | 19.8
Fighting       | 4 6 7 8 10 11 12 13 14 15 16 17 18 | 18.5
Dodging        | 4 6 7 9 10 | 10.8
Armour         | 4 7 9 11 13 15 16 17 18 | 18.7

Action                   |  1- 3 |  4- 6 |  7- 9 | 10-12 | 13-15 | 16-18 | 19-21 | 22-24 | 25-27 || total
-------------------------+-------+-------+-------+-------+-------+-------+-------+-------+-------++-------
Melee: Unarmed           |   143 |    89 |   321 |   505 |   848 |   948 |  1339 |  1695 |   595 ||  6483
       Punch             |     3 |     6 |     8 |    31 |    93 |   109 |   145 |   184 |    75 ||   654
 Fire: Blowgun           |       |       |    35 |     1 |       |       |       |       |       ||    36
Throw: Stone             |     8 |     6 |    51 |    27 |       |       |       |       |       ||    92
       Tomahawk          |       |       |       |    32 |   101 |    34 |    80 |     6 |       ||   253
       Javelin           |       |       |       |   107 |   427 |    77 |    71 |    27 |       ||   709
       Large rock        |       |       |       |     9 |    79 |   333 |   184 |   332 |   181 ||  1118
Invok: Berserk           |     1 |     1 |     7 |    13 |    21 |     9 |    20 |    23 |     6 ||   101
       Trog's Hand       |       |     1 |     2 |     2 |     4 |     2 |     6 |    11 |     4 ||    32
       Brothers in Arms  |       |       |       |     1 |     6 |     8 |     3 |     9 |     5 ||    32
Evoke: Wand              |       |       |     8 |       |     2 |     2 |       |     6 |       ||    18
       Sack of spiders   |       |       |       |       |       |       |       |     1 |       ||     1
  Use: Scroll            |       |       |    13 |    12 |     8 |    23 |     7 |     8 |     6 ||    77
       Potion            |       |       |     1 |     1 |     1 |     3 |       |     4 |     4 ||    14
 Stab: Sleeping          |       |       |     2 |     1 |       |       |       |       |       ||     3
       Distracted        |       |       |       |     1 |     1 |     2 |       |     2 |     1 ||     7
  Eat: Chunk             |    21 |     7 |    48 |    66 |   128 |    79 |   108 |   122 |    29 ||   608
       Meat ration       |       |       |       |       |       |     5 |     1 |     1 |     1 ||     8
Armor: Animal skin       |    33 |    21 |    90 |   134 |    62 |       |       |       |       ||   340
       Robe              |       |       |       |       |    66 |       |       |       |       ||    66
       Skin              |       |       |       |       |     7 |       |       |    24 |       ||    31
       Quicksilver drago |       |       |       |       |    41 |   341 |       |       |       ||   382
       Gold dragon armou |       |       |       |       |       |    54 |   609 |   913 |   290 ||  1866
Dodge: Dodged            |    59 |    27 |   125 |   250 |   401 |   582 |   346 |   809 |   263 ||  2862
